 Dungeon Crawl Stone Soup version 0.18-a0-1702-gd20c6a5 (webtiles) character file.

18952 namelastname112 the Martial Artist (level 12, -9/105 HPs)
             Began as a Grey Draconian Monk on Apr 7, 2016.
             Was the Champion of Cheibriados.
             Shot with an arrow by a centaur warrior (20 damage)
             ... on level 13 of the Dungeon.
             The game lasted 00:20:09 (13003 turns).

namelastname112 the Martial Artist (DrMo)          Turns: 13003, Time: 00:20:10

Health: -9/105     AC: 16    Str: 31    XL:     12   Next: 32%
Magic:  2/18       EV: 23    Int: 27    God:    Cheibriados [******]
Gold:   634        SH:  9    Dex: 33    Spells: 0 memorised, 11 levels left

rFire  . . .     SeeInvis .       - Unarmed
rCold  . . .     Gourm    .     (armour unavailable)
rNeg   . . .     Faith    .     A - +1 buckler
rPois  .         Spirit   .     (helmet restricted)
rElec  .         Dismiss  .     (no cloak)
rCorr  +         Reflect  .     u - +2 pair of gloves {Str+3}
SustAt .         Harm     .     (no boots)
MR     .....                    (no amulet)
Stlth  +++.......               J - ring of wizardry
                                n - ring of resist corrosion

@: very slow, not resistant to hostile enchantments, fairly stealthy
A: walk through water, unfitting armour, unbreathing, cold-blooded, AC +13
a: Bend Time, Temporal Distortion, Slouch, Step From Time, Renounce Religion


You were on level 13 of the Dungeon.
You worshipped Cheibriados.
Cheibriados was exalted by your worship.
You were very hungry.

You visited 2 branches of the dungeon, and saw 14 of its levels.

You collected 783 gold pieces.
You spent 141 gold pieces at shops.

Inventory:

Armour
 u - a +2 pair of gloves of strength (worn)
 A - a +1 buckler (worn)
Jewellery
 g - an uncursed ring of ice
 n - a ring of resist corrosion (left hand)
 J - a ring of wizardry (right hand)
 M - an uncursed ring of ice
Wands
 d - a wand of acid (15/15)
 y - a wand of slowing (9/48)
 z - a wand of iceblast (7/15)
 C - a wand of disintegration (7/24)
 G - a wand of flame (29/48)
 H - a wand of flame (23/48)
Scrolls
 b - 3 scrolls of enchant weapon
 c - 4 scrolls of identify
 j - a scroll of blinking
 k - 2 scrolls of summoning
 l - a scroll of fog
 m - 4 scrolls of remove curse
 o - 2 scrolls of teleportation
 r - 4 scrolls of recharging
 s - 2 scrolls of enchant armour
Potions
 e - 3 potions of agility
 i - 4 potions of curing
 w - a potion of mutation
 x - 3 potions of brilliance
 I - a potion of magic
 K - a potion of flight
Books
 p - a book of Envenomations

   Spells                             Type                      Level
   a - Spider Form                    Transmutation/Poison         3
   b - Olgreb's Toxic Radiance        Poison                       4
   c - Alistair's Intoxication        Transmutation/Poison         5
   d - Poisonous Cloud                Conjuration/Poison/Air       6
 q - a book of Fire

   Spells                             Type                      Level
   a - Ignite Poison                  Fire/Transmutation/Poison    3
   b - Fireball                       Conjuration/Fire             5
   c - Bolt of Fire                   Conjuration/Fire             6
   d - Delayed Fireball               Conjuration/Fire             7
   e - Ring of Flames                 Charms/Fire                  7
 t - a book of the Warp

   Spells                             Type                      Level
   a - Recall                         Summoning/Translocation      3
   b - Gell's Gravitas                Hexes/Translocation          3
   c - Force Lance                    Conjuration/Translocation    4
   d - Warp Weapon                    Charms/Translocation         5
   e - Summon Forest                  Summoning/Translocation      5
 v - Kikubaaqudgha's Incunabulum of Stolen Souls
   (You found it on level 9 of the Dungeon)

   Spells                             Type                      Level
   a - Pain                           Necromancy                   1
 D - a book of Maledictions

   Spells                             Type                      Level
   a - Corona                         Hexes                        1
   b - Ensorcelled Hibernation        Hexes/Ice                    2
   c - Confuse                        Hexes                        3
   d - Tukima's Dance                 Hexes                        3
   e - Dazzling Spray                 Conjuration/Hexes            3
Comestibles
 a - 11 bread rations
 f - 2 beef jerkies
 h - 26 fruits
 B - 5 meat rations


   Skills:
 + Level 9.4 Fighting
 + Level 8.1 Dodging
 - Level 1.7 Stealth
 - Level 4.2 Shields
 + Level 14.3 Unarmed Combat
 + Level 8.9 Invocations


You had 11 spell levels left.
You didn't know any spells.

Dungeon Overview and Level Annotations

Branches:
Dungeon (13/15)            Temple (1/1) D:5            Lair (0/8) D:8
    Orc (0/2) D:12
 Vaults: D:13-14

Altars:
Ashenzari
Cheibriados
Dithmenos
Elyvilon
Fedhas
Gozag
Kikubaaqudgha
Makhleb
Nemelex Xobeh
Okawaru
Pakellas
Qazlal
Ru
Sif Muna
Trog
Vehumet
Xom
Yredelemnul
Zin
The Shining One
Beogh

Shops:
D:4 ![   D:13 (

Annotations:
D:10 wvc's ghost, novice DrMo


Innate Abilities, Weirdness & Mutations

You can walk through water.
Your dull iron-grey scales are very hard (AC +13).
Your body does not fit into most forms of armour.
You can survive without breathing.
You are cold-blooded and may be slowed by cold attacks.


Message History

You barely miss the crocodile. You tail-slap the crocodile.
The crocodile is severely wounded.
The crocodile misses you.
You punch the crocodile!
You kill the crocodile!
Cheibriados thoroughly appreciates the change of pace.
A centaur warrior is nearby!
You warp the flow of time around you!
You are feeling hungry.
You warp the flow of time around you!
You are feeling very hungry.
Evoke which item? (* to show all) (? for menu, Esc to quit)
Okay, then.
The centaur warrior shouts!
The centaur warrior wields a shortbow.
The centaur warrior shoots an arrow.
The arrow barely misses you.
The centaur warrior shoots an arrow.
The arrow hits you!
* * * LOW HITPOINT WARNING * * *
The centaur warrior shoots an arrow.
The arrow hits you!!
You die...

.............# #a.#..# +###
............## #..#... ....
.........##)# #..#.... ....
......####..# #JC# .... .##≈
....###....## .#####./#. ...###≈≈
...##......# ...Z...5#.....≈≈≈≈#
...#....#..# ........#... ##≈#≈≈
..##...##..##########'#....#≈≈≈≈≈
#...###..(....@.c.).#....≈≈≈≈≈≈
..#...# #.............#....##≈#≈#
.##..###############..#.....#≈≈≈≈
.#..................).#.....##≈≈≈
.+....................#.......###
.######################..#.......
....................<....#...#...
.........................#...#...
................######...+...#...


You could see a centaur warrior.

Vanquished Creatures
  Nessos (D:12)
  A hydra (D:13)
  An unseen horror (D:11)
  7 hill giants
  Pikel (D:6)
  An orc knight (D:12)
  An ugly thing (D:11)
  A gargoyle (D:12)
  4 centaur skeletons
  A komodo dragon (D:13)
  2 tengu conjurers (D:13)
  2 trolls
  4 slime creatures
  Sigmund (D:6)
  A shadow (D:11)
  3 wyverns
  A basilisk (D:13)
  A mottled dragon (D:12)
  Duvessa (D:6)
  16 orc warriors
  4 ice beasts
  A sky beast (D:8)
  A wasp (D:9)
  4 phantoms
  3 slaves (D:6)
  A necrophage (D:11)
  3 eyes of draining
  10 ogres
  3 centaurs
  4 big kobolds
  A crocodile (D:13)
  8 giant frogs
  Dowan (D:6)
  5 scorpions
  9 killer bees
  3 wights (D:10)
  An electric eel (D:13)
  6 howler monkeys
  5 crimson imps
  6 giant frog zombies
  6 hounds
  A jelly (D:9)
  23 orc wizards
  11 orc priests
  2 giant frog skeletons
  3 iguanas
  7 worker ants
  7 gnolls (D:6)
  13 adders
  4 shadow imps
  An ooze (D:1)
  2 adder skeletons (D:9)
  2 adder zombies
  2 worms
  4 dart slugs (D:1)
  4 giant geckos
  77 orcs
  2 bats (D:1)
  2 giant cockroaches
  4 goblins
  6 hobgoblins
  13 jackals
  5 kobolds
  4 quokkas
  2 ball pythons (D:3)
  2 giant newts
  7 rats
346 creatures vanquished.

Vanquished Creatures (others)
  A human (D:9)
  An orc wizard (D:4)
2 creatures vanquished.

Grand Total: 348 creatures vanquished

Notes
Turn   | Place    | Note
--------------------------------------------------------------
     0 | D:1      | namelastname112 the Draconian Monk began the quest for the Orb.
     0 | D:1      | Reached XP level 1. HP: 19/19 MP: 1/1
   166 | D:1      | Reached XP level 2. HP: 26/26 MP: 2/2
   503 | D:1      | Vulkandrache: do you go monk often, for the extra piety?
   538 | D:1      | namelastname112: i like uc
   538 | D:1      | namelastname112: and tm start seems kinda weak for me
   538 | D:1      | namelastname112: and piety is nice, yes
   574 | D:1      | Reached skill level 5 in Unarmed Combat
   574 | D:1      | Reached XP level 3. HP: 30/31 MP: 3/3
  1351 | D:2      | Reached XP level 4. HP: 37/38 MP: 4/4
  1765 | D:3      | Reached skill level 6 in Unarmed Combat
  2250 | D:3      | Reached XP level 5. HP: 42/45 MP: 5/5
  2443 | D:4      | Found Gulifewy's Antique Armour Shop.
  2447 | D:4      | Found Souto's Distillery.
  2451 | D:4      | Bought a pair of runed gloves for 99 gold pieces
  2539 | D:4      | Noticed an ogre
  2556 | D:4      | Killed an ogre
  2556 | D:4      | Reached skill level 7 in Unarmed Combat
  2556 | D:4      | Reached XP level 6. HP: 30/51 MP: 6/6
  3042 | D:5      | Entered Level 5 of the Dungeon
  3114 | D:5      | Reached skill level 8 in Unarmed Combat
  3331 | D:5      | Found a staircase to the Ecumenical Temple.
  3343 | Temple   | Entered the Ecumenical Temple
  3791 | D:5      | Your scales start taking on a dull iron-grey colour.
  3791 | D:5      | Reached XP level 7. HP: 57/57 MP: 7/7
  3791 | D:5      | Gained mutation: You can survive without breathing. [Grey Draconian growth]
  3827 | Temple   | namelastname112: ru or chei?
  3827 | Temple   | Vulkandrache: if you ask me that
  3827 | Temple   | Vulkandrache: its allways chei
  3827 | Temple   | Vulkandrache: i dont like gimping parts of my char
  3827 | Temple   | namelastname112: heh
  3843 | Temple   | Vulkandrache: and i think chei is the best god
  3843 | Temple   | namelastname112: i didn't won with just one god
  3843 | Temple   | namelastname112: so i'm ok with anyone really
  3843 | Temple   | Became a worshipper of Cheibriados the Contemplative
  3843 | Temple   | Reached * piety under Cheibriados
  3843 | Temple   | Reached ** piety under Cheibriados
  3997 | D:5      | Reached skill level 9 in Unarmed Combat
  4225 | D:4      | Vulkandrache: 15 allstats is just steroids for any char
  4333 | D:4      | Bought a potion of curing for 42 gold pieces
  4342 | D:4      | Vulkandrache: but hybrids esp
  5098 | D:6      | Reached skill level 10 in Unarmed Combat
  5110 | D:6      | Noticed Sigmund
  5125 | D:6      | Killed Sigmund
  5125 | D:6      | Reached XP level 8. HP: 51/63 MP: 8/8
  5131 | D:6      | Reached *** piety under Cheibriados
  5155 | D:6      | Reached skill level 11 in Unarmed Combat
  5372 | D:6      | Found a basalt altar of Yredelemnul.
  5372 | D:6      | Found a burning altar of Makhleb.
  5372 | D:6      | Found a stormy altar of Qazlal.
  5375 | D:6      | Found an opulent altar of Gozag.
  5416 | D:6      | Found a shattered altar of Ashenzari.
  5450 | D:6      | Noticed Pikel
  5508 | D:6      | Killed Pikel
  5508 | D:6      | Reached skill level 12 in Unarmed Combat
  5508 | D:6      | Reached XP level 9. HP: 45/70 MP: 9/9
  5765 | D:6      | Noticed Duvessa
  5765 | D:6      | Noticed Dowan
  5787 | D:6      | Killed Duvessa
  5787 | D:6      | Reached skill level 1 in Invocations
  5795 | D:6      | Killed Dowan
  5901 | D:6      | Reached **** piety under Cheibriados
  6791 | D:8      | Found a staircase to the Lair.
  6915 | D:8      | Reached skill level 5 in Fighting
  7005 | D:8      | Reached ***** piety under Cheibriados
  7259 | D:8      | Reached XP level 10. HP: 79/81 MP: 13/13
  7524 | D:9      | Found an ancient bone altar of Kikubaaqudgha.
  7539 | D:9      | Identified Kikubaaqudgha's Incunabulum of Stolen Souls
  7545 | D:9      | Found a deep blue altar of Sif Muna.
  7560 | D:9      | Found a radiant altar of Vehumet.
  7590 | D:9      | Reached skill level 1 in Shields
  8343 | D:9      | Reached skill level 13 in Unarmed Combat
  8468 | D:9      | Reached skill level 5 in Dodging
  8522 | D:9      | Found an ancient bone altar of Kikubaaqudgha.
  8802 | D:10     | Entered Level 10 of the Dungeon
  8920 | D:10     | Reached skill level 5 in Invocations
  8965 | D:10     | Noticed wvc's ghost (novice DrMo)
  9189 | D:10     | Reached ****** piety under Cheibriados
  9321 | D:10     | Noticed a hill giant
  9332 | D:10     | Killed a hill giant
  9472 | D:11     | Noticed a hill giant
  9479 | D:11     | Killed a hill giant
  9660 | D:11     | Noticed a green ugly thing
  9673 | D:11     | Killed a green ugly thing
  9673 | D:11     | Reached XP level 11. HP: 92/92 MP: 15/15
  9992 | D:11     | Noticed a hill giant
 10014 | D:11     | Killed a hill giant
 10026 | D:11     | Noticed a hill giant
 10041 | D:11     | Killed a hill giant
 10379 | D:11     | Killed an unseen horror
 10527 | D:12     | Noticed Nessos
 10538 | D:12     | Killed Nessos
 11098 | D:12     | Found a staircase to the Orcish Mines.
 11259 | D:12     | Noticed an orc knight
 11275 | D:12     | Killed an orc knight
 11335 | D:12     | Found a roughly hewn altar of Beogh.
 11527 | D:12     | Noticed a hill giant
 11533 | D:12     | Killed a hill giant
 11789 | D:12     | Noticed a hill giant
 11794 | D:12     | Killed a hill giant
 11794 | D:12     | Reached skill level 14 in Unarmed Combat
 11978 | D:12     | Reached XP level 12. HP: 95/103 MP: 18/18
 12162 | D:13     | Noticed an eight-headed hydra
 12174 | D:13     | Killed an eight-headed hydra
 12371 | D:13     | Found Goas's Weapon Emporium.
 12980 | D:13     | Noticed a five-headed hydra
 12990 | D:13     | Noticed a centaur warrior
 13003 | D:13     | Shot with an arrow by a centaur warrior

Vault maps used:
D:1:      zelgadis_glass_arrival_small, hangedman_decor_slide_cut,
          serial_park_tiny_pond, minmay_misc_feat_cross
D:2:      first_bread, supply_closet_lemuel, item_on_display_a
D:4:      serial_shops, shop, nicolae_shop_waterfront, minmay_misc_feat_x
D:5:      temple_fountains
D:6:      minitemple, uniq_sigmund, uniq_duvessa, uniq_pikel
D:8:      dpeg_oklobed_lair, blue_anna_alchemist
D:9:      palyth_temple_overflow_mages, tgw_kikubaaqudgha
D:12:     david_orc_4, special_room, uniq_nessos
D:13:     minmay_quarter_circles, serial_shops, shop, minivault_4, st_stairs_12,
          evilmike_ruin_ashenzari
Temple:   jpeg_temple_clearing_12

Skill      XL: |  1  2  3  4  5  6  7  8  9 10 11 12 |
---------------+-------------------------------------+-----
Unarmed Combat | 5 6 7 8 10 12 13 14 | 14.3
Dodging        | 4 6 7 8 |  8.1
Invocations    | 4 6 8 |  8.9
Fighting       | 5 7 8 9 |  9.4
Shields        | 4 |  4.2
Stealth        | |  1.7

Action                   |  1- 3 |  4- 6 |  7- 9 | 10-12 || total
-------------------------+-------+-------+-------+-------++-------
Melee: Unarmed           |   104 |   138 |   371 |   637 ||  1250
Invok: Temporal Distorti |       |       |       |     2 ||     2
       Step From Time    |       |       |       |     1 ||     1
Evoke: Deck              |       |       |       |    10 ||    10
  Use: Potion            |       |       |     3 |     3 ||     6
       Scroll            |       |       |       |    24 ||    24
 Stab: Sleeping          |     2 |     4 |     8 |    11 ||    25
       Distracted        |       |       |     2 |     1 ||     3
  Eat: Chunk             |     1 |     6 |     3 |    10 ||    20
       Meat ration       |       |     1 |       |       ||     1
